 Dungeon Crawl Stone Soup version 0.17-a0-1558-g9d24de5 (webtiles) character file.

277 Leibowitz the Ducker (level 6, 45/47 HPs)
             Began as a Merfolk Gladiator on July 20, 2015.
             Quit the game on level 3 of the Dungeon.
             The game lasted 00:12:45 (4474 turns).

Leibowitz the Ducker (Merfolk Gladiator)            Turns: 4474, Time: 00:12:45

Health: 45/47      AC:  6    Str: 15    XL:     6   Next: 25%
Magic:  15/15      EV: 16    Int:  7    God:
Gold:   259        SH:  0    Dex: 17    Spells: 0 memorised, 5 levels left

rFire  . . .     SeeInvis .     a - +0 long sword
rCold  . . .     Clarity  .     b - +0 leather armour
rNeg   . . .     SustAt   .     (no shield)
rPois  .         Gourm    .     c - +0 helmet
rElec  .         Spirit   .     l - +0 cloak
rCorr  +         Warding  .     y - +0 pair of gloves
rMut   .         Stasis   .     (no boots)
MR     .....                    k - amulet of resist corrosion
Stlth  ++........               (no ring)
                                x - ring of magical power

@: not resistant to hostile enchantments, unstealthy
A: change form in water, swift swim
a: no special abilities


You were on level 3 of the Dungeon.
You were not hungry.

You visited 1 branch of the dungeon, and saw 3 of its levels.

You collected 259 gold pieces.

Inventory:

Hand weapons
 a - a +0 long sword (weapon)
 m - a +2 spear of freezing
Missiles
 d - 3 throwing nets (quivered)
 j - 14 poisoned needles
Armour
 b - a +0 leather armour (worn)
 c - a +0 helmet (worn)
 l - a +0 cloak (worn)
 y - a +0 pair of gloves (worn)
Jewellery
 k - an amulet of resist corrosion (around neck)
 n - an uncursed ring of teleportation
 x - a ring of magical power (left hand)
Scrolls
 h - 2 scrolls of teleportation
 i - 3 scrolls of identify
 p - a scroll of blinking {unknown}
 u - a scroll of enchant armour {unknown}
 v - a scroll of amnesia {unknown}
Potions
 e - 2 potions of agility
 g - 2 potions of heal wounds {unknown}
 q - a potion of cancellation {unknown}
 r - a potion of brilliance {unknown}
 s - a potion of lignification {unknown}
 w - 2 potions of invisibility {unknown}
Comestibles
 f - 2 bread rations
 o - 2 beef jerkies
 t - a meat ration


   Skills:
 * Level 3.2 Fighting
 * Level 4.3 Long Blades
 + Level 0.4 Polearms
 - Level 2.0 Throwing
 + Level 1.4 Armour
 * Level 6.3 Dodging
 * Level 2.3 Stealth


You had 5 spell levels left.
You didn't know any spells.

Dungeon Overview and Level Annotations

Branches:
Dungeon (3/15)

Altars:
Gozag
Vehumet


Message History

You hit the kobold.
You kill the kobold!
The kobold hits you with a club.
There is an open door here.
Items here: $ ))) †† You barely miss the kobold.
The kobold completely misses you.
You slash the kobold!
You kill the kobold!
You now have 247 gold pieces (gained 9).
There is an open door here.
Items here: )))) †† You now have 259 gold pieces (gained 12).
Things that are here:
a club; 13 stones; a kobold skeleton
There is an open door, spattered with blood here.
Partly explored, can't reach some places.
Char dumped successfully.
Quiver which item? (- for none, * to show all) (? for menu, Esc to quit)
Okay, then.
Are you sure you want to abandon this character and quit the game? (Confirm with "yes".)

###.#######.####.#.###.##.#
#..........................
#..........................
#≈..≈≈≈≈.≈.≈≈.≈≈≈.≈.≈≈.≈≈.≈
#≈≈≈≈≈≈≈≈≈≈≈≈≈≈≈≈≈≈≈≈≈≈≈≈≈≈
#≈≈≈≈≈≈≈≈≈≈≈≈≈≈≈≈≈≈≈≈≈≈≈≈≈≈
#≈≈≈≈≈≈≈#####≈≈≈≈≈≈≈≈≈≈≈≈≈≈
#≈≈≈≈≈≈≈#...###############
#≈≈≈≈≈≈≈#.@.#(.(.).## ##...
#≈≈≈≈≈≈≈#...#.......###....
#≈≈≈≈≈≈≈##'##........#.....
##≈≈≈≈≈≈≈#).(.....(..#.....
#≈≈≈≈≈≈≈#...........'.....
#≈≈≈≈≈≈≈#...........#.....
#≈≈≈≈≈≈##)##........#.....
##≈≈≈≈≈#...#.......###....
#≈≈≈≈≈#...#......## ##...


There were no monsters in sight!

Vanquished Creatures
  A big kobold (D:3)
  3 gnolls (D:3)
  8 adders
  An ooze (D:3)
  3 worms (D:2)
  3 giant geckos
  A ball python (D:2)
  5 goblins
  7 hobgoblins
  38 kobolds
  A quokka (D:2)
  6 giant cockroaches
  7 giant newts
  13 rats
  A bush (D:2)
  2 plants (D:2)
100 creatures vanquished.

Notes
Turn   | Place    | Note
--------------------------------------------------------------
     0 | D:1      | Leibowitz the Merfolk Gladiator began the quest for the Orb.
     0 | D:1      | Reached XP level 1. HP: 16/16 MP: 1/1
   219 | D:1      | Reached XP level 2. HP: 11/22 MP: 2/2
   760 | D:1      | Reached XP level 3. HP: 28/28 MP: 3/3
  1313 | D:2      | Reached skill level 1 in Stealth
  1593 | D:2      | Reached skill level 5 in Dodging
  1593 | D:2      | Reached XP level 4. HP: 18/34 MP: 4/4
  2067 | D:2      | Found an opulent altar of Gozag.
  2515 | D:2      | Reached XP level 5. HP: 24/40 MP: 5/5
  3281 | D:3      | Found a radiant altar of Vehumet.
  3695 | D:3      | Reached skill level 1 in Armour
  4165 | D:3      | Reached skill level 6 in Dodging
  4165 | D:3      | Reached XP level 6. HP: 19/47 MP: 6/6
  4474 | D:3      | Quit the game

Vault maps used:
D:1:      zaba_arrival_water
D:2:      grunt_gozag_breadcrumbs, serial_forest, infiniplex_forest_split,
          infiniplex_forest_end_3, infiniplex_forest_zigzag_2,
          infiniplex_forest_lined_3_way, infiniplex_forest_clump_medium,
          infiniplex_forest_straight_2, infiniplex_forest_lined_room_3
D:3:      minmay_goblin_kobold_castle, fiery_altar_vehumet, first_bread

Action                   |  1- 3 |  4- 6 || total
-------------------------+-------+-------++-------
Melee: Long sword        |   115 |   288 ||   403
       Spear             |       |    39 ||    39
Throw: Throwing net      |     1 |       ||     1
  Use: Scroll            |       |     3 ||     3
 Stab: Sleeping          |     2 |     4 ||     6
  Eat: Chunk             |     2 |     8 ||    10
       Pizza             |       |     1 ||     1
